 Dungeon Crawl Stone Soup version 0.30-a0-989-g0d87f670db (webtiles) character file.

Game seed: 13221209368119748207

10805 LobsterGuardian the Thaumaturge (level 11, -7/84 HPs)
             Began as a Demonspawn Fire Elementalist on Apr 3, 2023.
             Was a Priest of Qazlal.
             Mangled by a two-headed ogre
             ... wielding a +0 dire flail of holy wrath
              (28 damage)
             ... on level 10 of the Dungeon.
             The game lasted 01:06:44 (10996 turns).

LobsterGuardian the Thaumaturge (DsFE)             Turns: 10996, Time: 01:06:44

Health: -7/84      AC:  8    Str:  6    XL:     11   Next: 41%
Magic:  10/23      EV: 12    Int: 22    God:    Qazlal [***...]
Gold:   271        SH:  8    Dex: 16    Spells: 14/27 levels left

rFire   . . .      SeeInvis +    P - +16 obsidian axe {drain, demonic, Mesm Drain Fly SInv}
rCold   . . .      Faith    .    c - +1 buckler
rNeg    . . .      Spirit   .    J - +2 leather armour of Noon {Str-5 Int+3 Dex+3}
rPois   .          Reflect  .    (helmet unavailable)
rElec   .          Rampage  .    I - scarf {repulsion}
rCorr   .                        j - +2 pair of gloves
Will    .....                    (no boots)
Stlth   ++                       (no amulet)
HPRegen 0.34/turn                (no ring)
MPRegen 0.18/turn                (no ring)

@: flying, mesmerised, repel missiles
A: antennae 3, foul stench 1, sturdy frame 1, demonic magic 2
a: Renounce Religion, Upheaval, Elemental Force


You were on level 10 of the Dungeon.
You worshipped Qazlal.
Qazlal was most pleased with you.
You visited 2 branches of the dungeon, and saw 11 of its levels.
You also visited: Sewer and Ossuary.

You collected 593 gold pieces.
You spent 322 gold pieces at shops.

Inventory:

Hand Weapons
 G - a +4 dagger
 P - the +16 obsidian axe (weapon) {drain, demonic, Mesm Drain Fly SInv}
   (You took it off a centaur on level 9 of the Dungeon)

   Mesm:      Its wielder is mesmerised by any visible foes, and it cannot be
   unequipped while any foes are visible.
   SInv:      It lets you see invisible.
   Fly:       It grants you flight.
   Drain:     It drains your maximum health when unequipped.
Missiles
 a - 3 throwing nets
Armour
 c - a +1 buckler (worn)
 j - a +2 pair of gloves (worn)
 t - a +0 cloak
 u - a +2 robe of resistance
 I - a scarf of repulsion (worn)
 J - the +2 leather armour of Noon (worn) {Str-5 Int+3 Dex+3}
   (You bought it in a shop on level 8 of the Dungeon)

   Str:       It affects your strength (-5).
   Int:       It affects your intelligence (+3).
   Dex:       It affects your dexterity (+3).
Magical Staves
 z - a staff of fire
Jewellery
 l - an amulet of magic regeneration
 v - a +6 ring of dexterity
 E - an amulet of reflection
 K - the ring "Oraozao" {rC+ Will+ Str+6}
   (You found it on level 8 of the Dungeon)

   [ring of willpower]

   Str:       It affects your strength (+6).
   rC:        It protects you from cold.
   Will:      It increases your willpower.
 M - a ring of ice
Wands
 e - a wand of acid (4)
 y - a wand of flame (36)
 D - a wand of digging (7)
 L - a wand of iceblast (5)
Scrolls
 b - a scroll of blinking
 i - 6 scrolls of teleportation
 k - 2 scrolls of amnesia
 n - a scroll of fog {unknown}
 p - 3 scrolls of butterflies
 A - a scroll of immolation {unknown}
 B - a scroll of poison {unknown}
 F - a scroll of enchant armour
 H - 2 scrolls of fear
 N - a scroll of magic mapping
 O - a scroll of acquirement {unknown}
Potions
 d - 2 potions of berserk rage
 f - 3 potions of might
 g - 9 potions of curing
 h - 4 potions of invisibility
 o - 2 potions of brilliance {unknown}
 q - a potion of degeneration {unknown}
 r - 2 potions of mutation {unknown}
 s - 2 potions of haste
 w - 2 potions of flight {unknown}
 x - a potion of lignification
 C - a potion of resistance


   Skills:
 + Level 7.2 Fighting
 - Level 1.8 Short Blades
 * Level 3.3 Axes
 - Level 5.1 Staves
 + Level 3.5 Dodging
 - Level 1.7 Stealth
 + Level 0.9 Shields
 + Level 8.8 Spellcasting
 + Level 4.1 Conjurations
 - Level 2.4 Hexes
 - Level 8.3 Fire Magic
 - Level 1.1 Earth Magic
 + Level 5.7 Invocations


You had 14 spell levels left.
You knew the following spells:

 Your Spells              Type           Power      Damage    Failure   Level
a - Foxfire               Conj/Fire      100%       2x1d6     1%          1
b - Scorch                Fire           92%        2d10      1%          2
c - Inner Flame           Hex/Fire       33%        N/A       3%          3
d - Flame Wave            Conj/Fire      37%        2d10      8%          4
e - Stone Arrow           Conj/Erth      42%        3d9       11%         3

Your spell library contained the following spells:

 Spells                   Type           Power      Damage    Failure   Level
 Sandblast                Erth           28%        2d8       6%          1
 Kindle Blastsparks       Fire/Tloc/Air  44%        2d13      10%         3
 Passwall                 Tmut/Erth      10%        N/A       12%         2


Dungeon Overview and Level Annotations

Branches:
Dungeon (10/15)            Temple (1/1) D:7             Orc (0/2) D:9
  Sewer (visited)         Ossuary (visited)
   Lair: D:8-11

Altars:
Ashenzari
Cheibriados
Dithmenos
Fedhas
Gozag
Hepliaklqana
Kikubaaqudgha
Makhleb
Nemelex Xobeh
Okawaru
Qazlal
Ru
Sif Muna
Trog
Uskayaw
Vehumet
Wu Jian
Xom
Yredelemnul

Shops:
D:4 (   D:5 (   D:8 [

Annotations:
D:6 2 transporters, grumposus's ghost, novice OpTm


Innate Abilities, Weirdness & Mutations

You have a pair of large antennae on your head. (SInv)
You may rarely emit foul miasma when damaged in melee.
Your movements are slightly less encumbered by armour. (ER -2)
Spells you cast may paralyse nearby enemies.


Message History

A two-headed ogre comes into view.
It is wielding a +0 dire flail of holy wrath and a +0 giant spiked club.
You block the wolf's attack. The hound bites you.
You emit a cloud of foul miasma!
The hound barely misses you. The hound bites you but does no damage.
Unknown command.
You closely miss the hound.
The hound is almost dead.
You slash the hound! You closely miss the wolf. You slash the hound!
You drain the hound.
You kill the hound!
Qazlal accepts your kill. You block the wolf's attack. The hound bites you.
* * * LOW HITPOINT WARNING * * *
You block the wolf's attack. The hound closely misses you.
A kobold comes into view. It is wielding a +0 short sword.
The hound bites you but does no damage. The wolf bites you but does no damage.
The hound bites you.
* * * LOW HITPOINT WARNING * * *
Unknown command.
You closely miss the wolf.
The wolf is almost dead.
You barely miss the hound. You closely miss the hound.
You block the wolf's attack. You block the hound's attack.
The hound barely misses you. x2; The hound bites you.
* * * LOW HITPOINT WARNING * * *
Unknown command.
Unknown command.
Unknown command.
Blink to where?
Press: ? - help, Dir - move target You cannot blink away from the hound!
Blink to where?
Press: ? - help, Dir - move target, f - you
Okay, then.
You feel much better. You block the hound's attack.
The kobold hits you but does no damage. The hound barely misses you.
The two-headed ogre hits you with a +0 dire flail of holy wrath!!
* * * LOW HITPOINT WARNING * * *
You convulse!!
You die...

...........##
........[....
...........###
#####
##.##.######
##...## #.##.#
##.....## #.#
.. ###.......#
#..†.h_...#
#KKh○...#
#O@h..#
##.°.## #####


You could see a two-headed ogre, a wolf (drained), 2 hounds and 2 kobolds.

Vanquished Creatures
  Harold (D:9)
  A boulder beetle (D:9)
  Pikel (D:7)
  Joseph (D:7)
  An unseen horror (D:10)
  Prince Ribbit (D:9)
  Sigmund (D:4)
  A wraith (D:9)
  13 yaks
  Eustachio (D:6)
  4 vampire mosquitoes (D:9)
  A steam dragon (D:10)
  Menkaure (D:7)
  Edmund (D:4)
  A warg (D:9)
  3 water moccasins
  Duvessa (D:4)
  4 orc warriors
  A black bear (D:4)
  3 wolves (D:10)
  5 centaurs
  2 phantoms
  4 kobold brigands
  2 bullfrogs (D:8)
  A scorpion (D:7)
  2 water moccasin zombies (Ossuary)
  11 wights
  Dowan (D:4)
  10 killer bees
  5 howler monkeys
  Crazy Yiuf (D:3)
  6 orc priests
  5 hounds
  Jessica (D:3)
  6 iguanas
  Ijyb (D:4)
  Terence (D:2)
  10 orc wizards
  A sleepcap (D:4)
  2 mummies (Ossuary)
  10 gnolls
  17 adders
  9 river rats
  A white imp (D:7)
  5 adder zombies (Ossuary)
  8 worms
  A dart slug (D:1)
  39 orcs
  9 ball pythons
  15 bats
  5 endoplasms
  3 giant cockroaches (D:1)
  5 gnoll zombies (Ossuary)
  10 goblins
  10 hobgoblins
  20 jackals
  2 quokkas
  4 frilled lizards
  5 hobgoblin zombies (Ossuary)
  10 kobolds
  4 kobold zombies (Ossuary)
  3 orc zombies (Ossuary)
  10 rats
324 creatures vanquished.

Vanquished Creatures (collateral kills)
  A killer bee (D:10)
  A kobold (D:10)
  20 foxfires
22 creatures vanquished.

Vanquished Creatures (others)
  444 foxfires
  24 plants
468 creatures vanquished.

Grand Total: 814 creatures vanquished

Notes
Turn   | Place    | Note
-------+----------+-------------------------------------------
     0 | D:1      | LobsterGuardian the Demonspawn Fire Elementalist began the
                  | quest for the Orb.
     0 | D:1      | Reached XP level 1. HP: 13/13 MP: 3/3
    85 | D:1      | You fall into a shaft and drop 1 floor!
   132 | D:1      | Gained mutation: You have a pair of small antennae on your
                  | head. [demonic ancestry]
   132 | D:1      | Reached XP level 2. HP: 20/20 MP: 0/5
   284 | D:1      | Reached skill level 1 in Fighting
   410 | D:1      | Learned a level 2 spell: Scorch
   434 | D:1      | Gained mutation: Your movements are slightly less
                  | encumbered by armour. (ER -2) [demonic ancestry]
   434 | D:1      | Reached XP level 3. HP: 26/26 MP: 1/6
   438 | D:1      | Learned a level 3 spell: Inner Flame
  1186 | D:2      | Gained mutation: Spells you cast may paralyse adjacent
                  | enemies. [demonic ancestry]
  1186 | D:2      | Reached XP level 4. HP: 30/33 MP: 3/7
  1571 | D:2      | Noticed Terence
  1582 | D:2      | Killed Terence
  1583 | D:2      | Gained mutation: You may rarely emit foul miasma when
                  | damaged in melee. [demonic ancestry]
  1583 | D:2      | Reached XP level 5. HP: 25/39 MP: 0/9
  2419 | D:2      | Found a faded altar of an unknown god.
  2945 | D:3      | Gained mutation: You have a pair of antennae on your head.
                  | [demonic ancestry]
  2945 | D:3      | Reached XP level 6. HP: 43/46 MP: 0/11
  3109 | D:3      | Found a glowing drain.
  3120 | Sewer    | Entered a sewer
  3169 | Sewer    | Learned a level 4 spell: Flame Wave
  3844 | D:3      | Reached XP level 7. HP: 52/52 MP: 10/13
  3855 | D:3      | Found a runed translucent door.
  3856 | D:3      | Noticed Crazy Yiuf
  3974 | D:3      | Noticed Jessica
  3978 | D:3      | Killed Jessica
  4117 | D:3      | Killed Crazy Yiuf
  4623 | D:4      | Found Luheo's Weapon Boutique.
  4626 | D:4      | Bought a +0 rapier of draining for 119 gold pieces
  4652 | D:4      | Noticed Ijyb
  4655 | D:4      | Noticed Sigmund
  4661 | D:4      | Killed Ijyb
  4667 | D:4      | Killed Sigmund
  4668 | D:4      | Reached skill level 1 in Short Blades
  4668 | D:4      | Reached skill level 5 in Spellcasting
  4668 | D:4      | Reached skill level 1 in Hexes
  4668 | D:4      | Reached skill level 5 in Fire Magic
  4711 | D:4      | Noticed Dowan
  4715 | D:4      | Killed Dowan
  4716 | D:4      | Reached XP level 8. HP: 61/61 MP: 11/15
  4716 | D:4      | Noticed Duvessa
  4727 | D:4      | Killed Duvessa
  5015 | D:4      | Found a shimmering altar of Xom.
  5016 | D:4      | Found a hide-covered altar of Uskayaw.
  5017 | D:4      | Found a bloodstained altar of Trog.
  5230 | D:5      | Entered Level 5 of the Dungeon
  5280 | D:4      | Reached skill level 1 in Staves
  5319 | D:5      | Noticed Edmund
  5436 | D:4      | Killed Edmund
  5478 | D:5      | Reached skill level 5 in Fighting
  5543 | D:5      | Found a sand-covered staircase.
  5554 | Ossuary  | Entered an ossuary
  5692 | Ossuary  | Gained mutation: You have a pair of large antennae on your
                  | head. (SInv) [demonic ancestry]
  5692 | Ossuary  | Reached XP level 9. HP: 68/68 MP: 1/18
  6023 | D:5      | Found Miexehan's Hydra Hut.
  6025 | D:5      | Noticed a six-headed hydra
  6192 | D:6      | Found a broken altar of Ashenzari.
  6272 | D:6      | Learned a level 3 spell: Stone Arrow
  6323 | D:6      | Found a transporter.
  6337 | D:6      | Noticed grumposus's ghost (novice OpTm)
  6373 | D:6      | Found a transporter.
  6476 | D:6      | Noticed Eustachio
  6487 | D:6      | Killed Eustachio
  6896 | D:6      | Found an iron altar of Okawaru.
  7116 | D:7      | Reached skill level 1 in Earth Magic
  7200 | D:7      | Found a staircase to the Ecumenical Temple.
  7206 | Temple   | Entered the Ecumenical Temple
  7556 | Temple   | Became a worshipper of Qazlal Stormbringer
  7621 | D:7      | Noticed Pikel
  7627 | D:7      | Killed Pikel
  7628 | D:7      | Reached skill level 1 in Invocations
  7697 | D:7      | Noticed Menkaure
  7702 | D:7      | Killed Menkaure
  8003 | D:7      | Noticed Joseph
  8015 | D:7      | Killed Joseph
  8016 | D:7      | Gained mutation: Spells you cast may paralyse nearby
                  | enemies. [demonic ancestry]
  8016 | D:7      | Reached XP level 10. HP: 20/76 MP: 2/21
  8228 | D:7      | Reached * piety under Qazlal
  8676 | D:8      | Found a hazy altar of Hepliaklqana.
  9002 | D:8      | Found Joceut's Antique Armour Shoppe.
  9010 | D:8      | Bought a shimmering leather armour for 203 gold pieces
  9010 | D:8      | Identified the +2 leather armour of Noon {Str-5 Int+3
                  | Dex+3} (You bought it in a shop on level 8 of the Dungeon)
  9034 | D:8      | Identified the ring "Oraozao" {rC+ Will+ Str+6}
  9564 | D:9      | Noticed Harold
  9574 | D:9      | Killed Harold
  9605 | D:10     | Entered Level 10 of the Dungeon
  9610 | D:9      | Noticed a boulder beetle
  9898 | D:9      | Reached ** piety under Qazlal
  9908 | D:9      | Reached skill level 5 in Invocations
 10090 | D:9      | Noticed Prince Ribbit
 10094 | D:9      | Killed Prince Ribbit
 10095 | D:9      | Reached XP level 11. HP: 84/84 MP: 17/23
 10106 | D:9      | Found a staircase to the Orcish Mines.
 10113 | D:9      | Reached skill level 5 in Staves
 10277 | D:9      | Killed a boulder beetle
 10816 | D:10     | Reached skill level 1 in Axes
 10965 | D:10     | Found a sparkling altar of Nemelex Xobeh.
 10986 | D:10     | Reached *** piety under Qazlal
 10993 | D:10     | Noticed a two-headed ogre
 10996 | D:10     | Mangled by a two-headed ogre

Illustrated notes

Levels and vault maps discovered:
D:1:      dpeg_arrival_tiny_d, layout_rooms, serial_bayou, serial_bayou_pond_b,
          serial_bayou_shore_a, serial_bayou_ford_a, serial_bayou_pond_a
D:2:      layout_basic, shapermc_ecumenical_altar_hornbeckon,
          kennysheep_nondescript, uniq_terence
D:3:      layout_rooms, lightli_sewer_entry_pipes, uniq_crazy_yiuf_cottage,
          uniq_jessica
D:4:      layout_loops_corners, mainiacjoe_overflow_alcove_3,
          mainiacjoe_overflow_alcove_4, serial_shops, kennysheep_mini_moat,
          uniq_duvessa, uniq_sigmund, uniq_ijyb
D:5:      layout_cave_pools, nicolae_ossuary_entry_monument,
          doesnt_shop_hydraphobe, uniq_edmund
D:6:      layout_loops_ring, hellmonk_okawaru_the_only_friend_you_need,
          ashenzari_conservatory_becter, gammafunk_ghost_stat_death,
          uniq_eustachio
D:7:      layout_basic, minmay_temple_entry_drinking_statues,
          hangedman_decor_riveting, uniq_menkaure, uniq_joseph, uniq_pikel
D:8:      layout_layer_cave, nicolae_hepliaklqana_hazy_memory, serial_shops,
          shop
D:9:      layout_basic, erik_orc_4, enter_bailey_2,
          dreamdust_deal_with_the_devil, uniq_prince_ribbit1, uniq_harold
D:10:     layout_loops_ring, lemuel_round_altar, erik_lair_island,
          biasface_ghost_orc_armoury
Temple:   oiseaux_autumnal_temple

Skill      XL: |  1  2  3  4  5  6  7  8  9 10 11 |
---------------+----------------------------------+-----
Fire Magic     | 3 4 5 6 7 8 |  8.3
Fighting       | 1 2 3 4 5 6 7 |  7.2
Dodging        | 2 3 |  3.5
Spellcasting   | 3 4 5 6 7 8 |  8.8
Conjurations   | 2 3 4 |  4.1
Short Blades   | 1 |  1.8
Hexes          | 1 2 |  2.4
Staves         | 2 3 4 5 |  5.1
Earth Magic    | 1 |  1.1
Invocations    | 3 5 |  5.7
Axes           | 3 |  3.3
Stealth        | |  1.7
Shields        | |  0.9

Action                     |  1- 3 |  4- 6 |  7- 9 | 10-12 || total
---------------------------+-------+-------+-------+-------++-------
  Melee: Unarmed           |    15 |       |       |       ||    15
         Dagger            |    11 |    77 |     8 |       ||    96
         Rapier            |       |       |     3 |       ||     3
         Staff             |       |       |    23 |    29 ||    52
         Broad axe         |       |       |       |    29 ||    29
   Cast: Foxfire           |    43 |    74 |    89 |    73 ||   279
         Scorch            |     8 |    47 |    97 |    50 ||   202
         Inner Flame       |       |     5 |    18 |    26 ||    49
         Flame Wave        |       |       |     7 |     4 ||    11
         Stone Arrow       |       |       |     1 |    11 ||    12
 Invoke: Upheaval          |       |       |       |     1 ||     1
  Evoke: Wand              |       |       |     1 |     5 ||     6
    Use: Scroll            |     4 |     5 |     6 |     4 ||    19
         Potion            |       |     1 |     1 |     6 ||     8
   Stab: Paralysed         |       |     7 |    22 |    16 ||    45
         Sleeping          |       |     1 |     1 |       ||     2
         Distracted        |       |       |       |     1 ||     1
 Armour: Robe              |    12 |       |    17 |     2 ||    31
         Leather armour    |       |    33 |       |    30 ||    63
  Dodge: Dodged            |    40 |    61 |    54 |    63 ||   218
         Repelled          |       |       |       |     4 ||     4
  Block: Buckler           |       |       |    10 |    48 ||    58

Table legend: (Time is in decaauts)
 A = Elapsed time spent in this place.
 B = Non-inter-level travel time spent in this place.
 C = Inter-level travel time spent in this place.
 D = Time resting spent in this place.
 E = Time spent auto-exploring this place.
 F = Levels seen in this place.
 G = Mean time per level.
                   A        B        C        D        E       F      G
               +--------+--------+--------+--------+--------+-----+--------+
         Total |  11240 |  10794 |    446 |    272 |   8572 |  13 |  864.6 |
       Dungeon |   9839 |   9505 |    334 |    272 |   7509 |  10 |  983.9 |
        Temple |    399 |    287 |    112 |      0 |    273 |   1 |  399.0 |
         Sewer |    768 |    768 |      0 |      0 |    634 |   1 |  768.0 |
       Ossuary |    233 |    233 |      0 |      0 |    156 |   1 |  233.0 |
               +--------+--------+--------+--------+--------+-----+--------+

Top non-repeatable levels by time:
     D:2: 1471 daAuts
     D:4: 1270 daAuts
     D:3: 1134 daAuts
     D:7: 1126 daAuts
     D:9: 1101 daAuts
     D:1: 1023 daAuts
     D:8: 927 daAuts
     D:6: 925 daAuts
   Sewer: 768 daAuts
     D:5: 487 daAuts
  Temple: 399 daAuts
    D:10: 370 daAuts
 Ossuary: 233 daAuts
